MWL (24 & UNDER)
CINCINNATI PRIDE @ BARRY'S BAY ORIOLES
08/09/2030
 
TOP OF THE 1ST
Cincinnati Pride batting - Pitching for Barry's Bay Orioles : RHP David Miller
Pitching: RHP David Miller
Batting: LHB Rubén Eirado 0-0: Ball
1-0: SINGLE (Groundball, 56D)
Batting: RHB Noah Sturges 0-0: Ball
1-0: Swinging Strike
1-1: Ball
2-1: Foul Ball, location: 2F
2-2: Ball
3-2: Foul Ball, location: 2F
3-2: Hit by Pitch
Rubén Eirado to second
Batting: LHB Pablo Garza 0-0: Ball
1-0: Fly out, F7 (Flyball, 78M)
Batting: LHB Juan Ortíz 0-0: Ball
1-0: Ball
2-0: Ball
3-0: Called Strike
3-1: Foul Ball, location: 2F
3-2: SINGLE (Line Drive, 34D)
Rubén Eirado to third
Noah Sturges to second
Runner from 3rd tries for Home, SAFE, no throw
Batting: LHB Al Dooley 0-0: Ball
1-0: Called Strike
Noah Sturges is caught stealing 3rd base
1-1: Ball
2-1: Swinging Strike
2-2: Ball
3-2: Strikes out swinging
Top of the 1st over - 1 run, 2 hits, 0 errors, 1 left on base; Cincinnati 1 - Barry's Bay 0
BOTTOM OF THE 1ST
Barry's Bay Orioles batting - Pitching for Cincinnati Pride : RHP Orlando Martínez
Pitching: RHP Orlando Martínez
Batting: SHB António Cortéz 0-0: Ball
1-0: Swinging Strike
1-1: Ground out 4-3 (Groundball, 4)
Batting: RHB Francisco Fidal 0-0: Ball
1-0: Ball
2-0: Ground out 1-3 (Groundball, P)
Batting: LHB Chris Russell 0-0: Ball
1-0: Ground out 3-1 (Groundball, 34)
Bottom of the 1st over - 0 runs, 0 hits, 0 errors, 0 left on base; Cincinnati 1 - Barry's Bay 0
TOP OF THE 2ND
Cincinnati Pride batting - Pitching for Barry's Bay Orioles : RHP David Miller
Batting: RHB Luis Manuel Medrano 0-0: Called Strike
0-1: Ball
1-1: SINGLE (Flyball, 3D)
Batting: RHB Owen Grant 0-0: Ball
1-0: Called Strike
1-1: Ball
2-1: Called Strike
2-2: Strikes out swinging
Batting: LHB Gene Cherry 0-0: Called Strike
Luis Manuel Medrano steals 2nd base
0-1: Swinging Strike
0-2: Ball
1-2: Strikes out swinging
Batting: RHB Ed Hines 0-0: Ball
1-0: SINGLE (Groundball, 56S) (infield hit)
Luis Manuel Medrano to third
Batting: LHB Rubén Eirado 0-0: Foul Ball, location: 2F
0-1: SINGLE (Line Drive, 4MD)
Luis Manuel Medrano scores
Ed Hines to second
Runner from 2nd tries for 3rd, SAFE, no throw
Batting: RHB Noah Sturges 0-0: Ball
Rubén Eirado is caught stealing 2nd base
Top of the 2nd over - 1 run, 3 hits, 0 errors, 1 left on base; Cincinnati 2 - Barry's Bay 0
BOTTOM OF THE 2ND
Barry's Bay Orioles batting - Pitching for Cincinnati Pride : RHP Orlando Martínez
Batting: RHB Dwayne Roldán 0-0: Foul Ball, location: 2F
0-1: Ball
1-1: Called Strike
1-2: Strikes out looking
Batting: RHB Esteban Álvarez 0-0: Ball
1-0: Swinging Strike
1-1: Ball
2-1: Fly out, F4 (Popup, 4)
Batting: RHB Kevin Hawkins 0-0: Called Strike
0-1: Fly out, F9 (Flyball, 89S)
Bottom of the 2nd over - 0 runs, 0 hits, 0 errors, 0 left on base; Cincinnati 2 - Barry's Bay 0
TOP OF THE 3RD
Cincinnati Pride batting - Pitching for Barry's Bay Orioles : RHP David Miller
Batting: RHB Noah Sturges 0-0: Ground out 4-3 (Groundball, 4)
Batting: LHB Pablo Garza 0-0: Reached on error, E3 (Groundball, 34S)
Batting: LHB Juan Ortíz 0-0: SINGLE (Line Drive, 89M)
Pablo Garza to second
Runner from 2nd tries for 3rd, SAFE, throw made to third
Batting: LHB Al Dooley 0-0: Ball
1-0: Called Strike
Juan Ortíz steals 2nd base
1-1: Foul Ball, location: 2F
1-2: Ball
2-2: Ball
3-2: Fly out, F7 (Line Drive, 7)
Runner from 3rd tags up, SCORES, throw made
Batting: RHB Luis Manuel Medrano 0-0: Ball
1-0: Called Strike
1-1: SINGLE (Groundball, 34D)
Juan Ortíz to third
Runner from 3rd tries for Home, SAFE, no throw
Batting: RHB Owen Grant 0-0: Called Strike
Luis Manuel Medrano steals 2nd base
0-1: Ball
1-1: Ball
2-1: DOUBLE (Line Drive, 8RD)
Luis Manuel Medrano scores
Batting: LHB Gene Cherry 0-0: SINGLE (Line Drive, 8LS)
Owen Grant to third
Batting: RHB Ed Hines 0-0: Called Strike
0-1: Ball
1-1: Foul Ball, location: 2F
1-2: Ball
2-2: Strikes out swinging
Top of the 3rd over - 3 runs, 4 hits, 1 error, 2 left on base; Cincinnati 5 - Barry's Bay 0
BOTTOM OF THE 3RD
Barry's Bay Orioles batting - Pitching for Cincinnati Pride : RHP Orlando Martínez
Batting: RHB Howard Robinson 0-0: Called Strike
0-1: Ball
1-1: Swinging Strike
1-2: TRIPLE (Flyball, 8RXD)
Batting: RHB Francisco Díaz 0-0: Called Strike
0-1: Fly out, F7 (Flyball, 7D)
Runner from 3rd tags up, SCORES, throw made
Batting: RHB Scott Snider 0-0: Ball
1-0: Foul Ball, location: 2F
1-1: Hit by Pitch
Batting: SHB António Cortéz 0-0: Called Strike
0-1: Ball
1-1: Ball
2-1: SINGLE (Groundball, 34D)
Scott Snider to second
Runner from 2nd tries for 3rd, SAFE, throw made at trailing runner, OUT!
Batting: RHB Francisco Fidal 0-0: Called Strike
0-1: Ball
1-1: Ball
2-1: Ball
3-1: Base on Balls
Batting: LHB Chris Russell 0-0: Ground out 4-3 (Groundball, 34D)
Bottom of the 3rd over - 1 run, 2 hits, 0 errors, 2 left on base; Cincinnati 5 - Barry's Bay 1
TOP OF THE 4TH
Cincinnati Pride batting - Pitching for Barry's Bay Orioles : RHP David Miller
Batting: LHB Rubén Eirado 0-0: Ground out 6-3 (Groundball, 6)
Batting: RHB Noah Sturges 0-0: Called Strike
0-1: Ball
1-1: Foul Ball, location: 2F
1-2: SINGLE (Groundball, 56D)
Batting: LHB Pablo Garza 0-0: Foul Ball, location: 2F
0-1: Ball
Noah Sturges is caught stealing 2nd base
1-1: Swinging Strike
1-2: Foul Ball, location: 2F
1-2: Foul Ball, location: 2F
1-2: Strikes out swinging
Top of the 4th over - 0 runs, 1 hit, 0 errors, 0 left on base; Cincinnati 5 - Barry's Bay 1
BOTTOM OF THE 4TH
Barry's Bay Orioles batting - Pitching for Cincinnati Pride : RHP Orlando Martínez
Batting: RHB Dwayne Roldán 0-0: SINGLE (Line Drive, 89S)
Batting: RHB Esteban Álvarez 0-0: Swinging Strike
0-1: Ball
1-1: Foul Ball, location: 2F
1-2: Strikes out swinging
Batting: RHB Kevin Hawkins 0-0: Called Strike
Dwayne Roldán is caught stealing 2nd base
0-1: SINGLE (Groundball, 34D)
Batting: RHB Howard Robinson 0-0: Called Strike
0-1: Ball
1-1: Ball
2-1: Foul Ball, location: 2F
2-2: SINGLE (Flyball, 78S)
Kevin Hawkins to second
Runner from 2nd tries for 3rd, SAFE, no throw
Batting: RHB Francisco Díaz 0-0: Called Strike
0-1: Foul Ball, location: 2F
0-2: Ball
1-2: Strikes out swinging
Bottom of the 4th over - 0 runs, 3 hits, 0 errors, 2 left on base; Cincinnati 5 - Barry's Bay 1
TOP OF THE 5TH
Cincinnati Pride batting - Pitching for Barry's Bay Orioles : RHP David Miller
Batting: LHB Juan Ortíz 0-0: Ball
1-0: Ball
2-0: Ball
3-0: Called Strike
3-1: Base on Balls
Batting: LHB Al Dooley 0-0: Ball
1-0: Foul Ball, location: 2F
1-1: SINGLE (Groundball, 6MD)
Juan Ortíz to second
Batting: RHB Luis Manuel Medrano 0-0: Called Strike
0-1: Ball
1-1: Foul Ball, location: 2F
1-2: Strikes out looking
Batting: RHB Owen Grant 0-0: 3-RUN HOME RUN (Flyball, 7D), Distance : 351 ft
Batting: LHB Gene Cherry 0-0: Ball
1-0: Swinging Strike
1-1: Foul Ball, location: 2F
1-2: Ball
2-2: Fly out, F6 (Flyball, 6D)
Batting: RHB Ed Hines 0-0: Called Strike
0-1: Ball
1-1: Ball
2-1: Foul Ball, location: 2F
2-2: Strikes out looking
Top of the 5th over - 3 runs, 2 hits, 0 errors, 0 left on base; Cincinnati 8 - Barry's Bay 1
BOTTOM OF THE 5TH
Barry's Bay Orioles batting - Pitching for Cincinnati Pride : RHP Orlando Martínez
Batting: RHB Scott Snider 0-0: Called Strike
0-1: Foul Ball, location: 2F
0-2: Ground out 1-3 (Groundball, 13)
Batting: SHB António Cortéz 0-0: Ground out 1-3 (Groundball, 15)
Batting: RHB Francisco Fidal 0-0: Called Strike
0-1: SINGLE (Line Drive, 8LS)
Batting: LHB Chris Russell 0-0: Ball
Francisco Fidal steals 2nd base
1-0: Called Strike
1-1: Foul Ball, location: 2F
1-2: Foul Ball, location: 2F
1-2: Ball
2-2: Foul Ball, location: 2F
2-2: Foul Ball, location: 2F
2-2: Ball
3-2: SINGLE (Groundball, 56S) (infield hit)
Francisco Fidal to third
Batting: RHB Dwayne Roldán 0-0: Ball
1-0: Called Strike
1-1: Ball
2-1: Foul Ball, location: 2F
2-2: Ball
3-2: SINGLE (Groundball, 6M) (infield hit)
Francisco Fidal scores
Chris Russell to second
Batting: RHB Esteban Álvarez 0-0: Foul Ball, location: 2F
0-1: Called Strike
0-2: Strikes out swinging
Bottom of the 5th over - 1 run, 3 hits, 0 errors, 2 left on base; Cincinnati 8 - Barry's Bay 2
TOP OF THE 6TH
Cincinnati Pride batting - Pitching for Barry's Bay Orioles : RHP David Miller
Pitching: RHP Phil Wright
Batting: LHB Rubén Eirado 0-0: Ball
1-0: SINGLE (Line Drive, 6D)
Batting: RHB Noah Sturges 0-0: Ball
1-0: Foul Ball, location: 2F
1-1: SINGLE (Flyball, 8LS)
Rubén Eirado to second
Batting: LHB Pablo Garza 0-0: Called Strike
0-1: Ball
1-1: Foul Ball, location: 2F
1-2: Strikes out looking
Batting: LHB Juan Ortíz 0-0: Ball
1-0: SINGLE (Line Drive, 56D)
Rubén Eirado to third
Noah Sturges to second
Runner from 3rd tries for Home, SAFE, no throw
Batting: LHB Al Dooley 0-0: Ball
Noah Sturges is caught stealing 3rd base
1-0: Fielders Choice at 2nd, 6-4 (Groundball, 6)
Top of the 6th over - 1 run, 3 hits, 0 errors, 1 left on base; Cincinnati 9 - Barry's Bay 2
BOTTOM OF THE 6TH
Barry's Bay Orioles batting - Pitching for Cincinnati Pride : RHP Orlando Martínez
Batting: RHB Kevin Hawkins 0-0: Ball
1-0: Ball
2-0: Ball
3-0: Called Strike
3-1: Base on Balls
Batting: RHB Howard Robinson 0-0: Called Strike
0-1: Ball
1-1: Foul Ball, location: 2F
1-2: Ball
2-2: SINGLE (Flyball, 9S)
Kevin Hawkins to second
Runner from 2nd tries for 3rd, SAFE, no throw
Batting: RHB Francisco Díaz 0-0: Ball
1-0: Foul Ball, location: 2F
1-1: Ground out 3-1 (Groundball, 34S)
Kevin Hawkins scores
Howard Robinson to second
Batting: RHB Scott Snider 0-0: Called Strike
Howard Robinson steals 3rd base
0-1: Swinging Strike
0-2: Foul Ball, location: 2F
0-2: Ball
1-2: Ground out 6-3 (Groundball, 6)
Howard Robinson scores
Batting: SHB António Cortéz 0-0: Called Strike
0-1: Foul Ball, location: 2F
0-2: Ball
1-2: Ball
2-2: Foul Ball, location: 2F
2-2: Strikes out looking
Bottom of the 6th over - 2 runs, 1 hit, 0 errors, 0 left on base; Cincinnati 9 - Barry's Bay 4
TOP OF THE 7TH
Cincinnati Pride batting - Pitching for Barry's Bay Orioles : RHP Phil Wright
Batting: RHB Luis Manuel Medrano 0-0: Ball
1-0: Foul Ball, location: 2F
1-1: Ball
2-1: Swinging Strike
2-2: Ball
3-2: DOUBLE (Line Drive, 8LD)
Batting: RHB Owen Grant 0-0: Ball
1-0: 2-RUN HOME RUN (Flyball, 9D), Distance : 360 ft
Batting: LHB Gene Cherry 0-0: Called Strike
0-1: Ball
1-1: Ball
2-1: Foul Ball, location: 2F
2-2: SINGLE (Line Drive, 89S)
Batting: RHB Ed Hines 0-0: Ball
Wild Pitch!
Gene Cherry to second
1-0: Called Strike
1-1: Ball
2-1: Ball
3-1: Fly out, F6 (Line Drive, 56)
Batting: LHB Rubén Eirado 0-0: Called Strike
0-1: Swinging Strike
0-2: Ground out 5-3 (Groundball, 5)
Batting: RHB Noah Sturges 0-0: Swinging Strike
0-1: Called Strike
0-2: Strikes out swinging
Top of the 7th over - 2 runs, 3 hits, 0 errors, 1 left on base; Cincinnati 11 - Barry's Bay 4
BOTTOM OF THE 7TH
Barry's Bay Orioles batting - Pitching for Cincinnati Pride : RHP Orlando Martínez
Batting: RHB Francisco Fidal 0-0: Ball
1-0: Ball
2-0: Swinging Strike
2-1: Swinging Strike
2-2: Foul Ball, location: 2F
2-2: Foul Ball, location: 2F
2-2: Ball
3-2: Base on Balls
Pitching: RHP Héctor Fabián
Batting: LHB Chris Russell 0-0: Swinging Strike
0-1: Ball
1-1: Foul Ball, location: 2F
1-2: Fly out, F9 (Flyball, 89S)
Batting: RHB Dwayne Roldán 0-0: Ball
1-0: Called Strike
1-1: Foul Ball, location: 2F
1-2: Ball
2-2: Ball
3-2: Base on Balls
Francisco Fidal to second
Batting: RHB Esteban Álvarez 0-0: SINGLE (Flyball, 9LS)
Francisco Fidal to third
Dwayne Roldán to second
Runner from 3rd tries for Home, SAFE, no throw
Batting: RHB Kevin Hawkins 0-0: Fly out, F9 (Flyball, 89S)
Batting: RHB Howard Robinson 0-0: Ball
1-0: Called Strike
1-1: Swinging Strike
1-2: Ball
2-2: Strikes out swinging
Bottom of the 7th over - 1 run, 1 hit, 0 errors, 2 left on base; Cincinnati 11 - Barry's Bay 5
TOP OF THE 8TH
Cincinnati Pride batting - Pitching for Barry's Bay Orioles : RHP Phil Wright
Batting: LHB Pablo Garza 0-0: Fly out, F3 (Line Drive, 3S)
Batting: LHB Juan Ortíz 0-0: Ball
1-0: Called Strike
1-1: Ball
2-1: Called Strike
2-2: Ball
3-2: DOUBLE (Line Drive, 9LM)
Batting: LHB Al Dooley 0-0: Ball
Juan Ortíz steals 3rd base
1-0: Foul Ball, location: 2F
1-1: Swinging Strike
1-2: Strikes out looking
Batting: RHB Luis Manuel Medrano 0-0: Called Strike
0-1: Ball
1-1: Ball
2-1: Ball
3-1: Called Strike
3-2: Ground out 5-3 (Groundball, 56)
Top of the 8th over - 0 runs, 1 hit, 0 errors, 1 left on base; Cincinnati 11 - Barry's Bay 5
BOTTOM OF THE 8TH
Barry's Bay Orioles batting - Pitching for Cincinnati Pride : RHP Héctor Fabián
Batting: RHB Francisco Díaz 0-0: Ball
1-0: Called Strike
1-1: Ball
2-1: Swinging Strike
2-2: Strikes out swinging
Batting: RHB Scott Snider 0-0: Swinging Strike
0-1: Ball
1-1: Foul Ball, location: 2F
1-2: Strikes out looking
Batting: SHB António Cortéz 0-0: Ball
1-0: Ground out 5-3 (Groundball, 56)
Bottom of the 8th over - 0 runs, 0 hits, 0 errors, 0 left on base; Cincinnati 11 - Barry's Bay 5
TOP OF THE 9TH
Cincinnati Pride batting - Pitching for Barry's Bay Orioles : RHP Phil Wright
Pitching: LHP Dominique Verdier
Batting: RHB Owen Grant 0-0: Ball
1-0: Ball
2-0: Ball
3-0: Called Strike
3-1: SINGLE (Groundball, 56D)
Batting: LHB Gene Cherry 0-0: Ball
1-0: Called Strike
1-1: Fielders Choice at 2nd, 3-6 (Groundball, 34)
Batting: RHB Ed Hines 0-0: Ball
1-0: Swinging Strike
1-1: Ball
2-1: Called Strike
2-2: Foul Ball, location: 2F
2-2: Strikes out swinging
Batting: LHB Rubén Eirado 0-0: Ball
1-0: Ball
2-0: Foul Ball, location: 2F
2-1: Called Strike
2-2: Strikes out swinging
Top of the 9th over - 0 runs, 1 hit, 0 errors, 1 left on base; Cincinnati 11 - Barry's Bay 5
BOTTOM OF THE 9TH
Barry's Bay Orioles batting - Pitching for Cincinnati Pride : RHP Héctor Fabián
Now at 1B: Steve Davenport
Batting: RHB Francisco Fidal 0-0: Ball
1-0: Ball
2-0: SINGLE (Line Drive, 4D)
Batting: LHB Chris Russell 0-0: Ball
1-0: Fly out, F7 (Flyball, 7)
Batting: RHB Dwayne Roldán 0-0: Foul Ball, location: 2F
0-1: Ball
1-1: Foul Ball, location: 2F
1-2: Ball
2-2: Grounds into double play, 6-4-3 (Groundball, 6)
Bottom of the 9th over - 0 runs, 1 hit, 0 errors, 0 left on base; Cincinnati 11 - Barry's Bay 5
Saturday, April 7th, 2018 - OOTP Baseball 18.8 Build 76